AoeStats
← 大汉天子·玄德·GOOD

Arabia

509612876Analyzed
1v1 RM · 3d ago on Sep 27, 2026· 31m 33s· 2 players
Game mode
Random Map
Map size
Tiny (2 player)
Population
200
Speed
Normal
Resources
Standard
Victory
Conquest
Starting age
Dark Age
Ending age
Imperial Age
RankedLock teamsTeams togetherTeam positionsShared explorationLock speedFull tech treeHidden civsTurbo modeCheats
Victory
Defeat
🇬🇧 Varangians · United Kingdom
1342
+18
🇺🇸 Japanese · United States
1375
-18
大汉天子·玄德·GOOD
2:28 Loom
9:02 Feudal Age
12:51 Double-Bit Axe
13:56 Bloodlines
15:50 Fletching
16:10 Horse Collar
18:10 Scale Barding Armor
18:17 Forging
18:16 Scale Barding Armor
19:37 Forging
24:48 Castle Age
23:14 Padded Archer Armor
23:07 Gold Mining
25:59 Bodkin Arrow
25:59 Stone Mining
26:35 Ballistics
26:45 Husbandry
28:59 Leather Archer Armor
31:47 Town Watch
32:38 Wheelbarrow
tiger.blah7
6:49 Loom
8:51 Feudal Age
9:30 Double-Bit Axe
9:27 Man-at-Arms
11:00 Arson
15:15 Horse Collar
21:37 Castle Age
21:47 Long Swordsman
22:43 Squires
23:05 Scale Mail Armor
25:44 Forging
26:33 Scale Barding Armor
27:21 Gold Mining
27:45 Bloodlines
28:36 Chain Barding Armor
29:35 Husbandry
Connection lost

Rejoining the realm…

Still unreachable

The connection could not be restored.

Session expired

The server has moved on; the page needs a fresh start.